Predators vs Avalanche

Created - 8 janvier 2015 at 19:27

Goals
1 2 3 T
Predators 0 2 0 2
Avalanche 3 2 1 6
Shots
1 2 3 T
Predators 11 15 5 31
Avalanche 7 18 9 34

1st period

1. Avalanche , Michael Rupp 11 (Mike Comrie, Dustin Byfuglien) at 12:50
2. Avalanche , Ryan Smyth 20 (Drew Doughty, Jason Allison) at 13:40
3. Avalanche , Jason Allison 18 (Dave Tanabe, Drew Doughty) at 14:05 (PP)

Penalties :
Jason Allison (Col) for Hooking (Minor) at 4:49, Brad Boyes (Nas) for Hooking (Minor) at 13:55, Dustin Byfuglien (Col) for Hooking (Minor) at 17:54

2nd period

4. Predators , Robyn Regehr 4 (Danny Richmond, Joe Thornton) at 1:22
5. Predators , Joe Thornton 28 (Alexander Ovechkin, Alexander Edler) at 4:13
6. Avalanche , Bryan Little 7 (Mike Comrie, Drew Doughty) at 7:01 (PP)
7. Avalanche , Corey Perry 23 (Michael Rupp, Dustin Byfuglien) at 12:09

Penalties :
Dave Tanabe (Col) for Fighting (Major) at 4:01, Michael Grabner (Nas) for Fighting (Major) at 4:01, Brad Boyes (Nas) for Tripping (Minor) at 5:52

3rd period

8. Avalanche , Corey Perry 24 (Marc Staal, Ryan Smyth) at 4:55

Penalties :
Dave Tanabe (Col) for Fighting (Major) at 13:49, Brad Boyes (Nas) for Fighting (Major) at 13:49, Andrew Ference (Nas) for Roughing (Minor) at 17:20

Goalie Stats

Steve Mason (Nas), 19 saves from 21 shots - (0,905), 32:59 minutes
Kari Lehtonen (Nas), 9 saves from 13 shots - (0,692), L, 17-11-2, 27:01 minutes
Marty Turco (Col), 29 saves from 31 shots - (0,935), W, 7-5-0, 60:00 minutes

Players Stats for Predators

Player Name              G  A  P  +/- PIM S  H  SB GA TA FO     MP     PP MP  PK MP  
------------------------------------------------------------------------------------
Alexander Edler          0  1  1   0  0   0  1  0  0  1  0/0    22:03   2:05   1:21 
Alexander Ovechkin       0  1  1   1  0   3  2  0  0  1  2/4    24:43   2:06   1:42 
Alexander Steen          0  0  0  -1  0   3  2  0  1  0  0/2    17:18   1:43   0:05 
Andrew Ference           0  0  0  -3  2   1  2  1  0  1  0/0    10:44   0:00   0:00 
Barret Jackman           0  0  0  -3  0   0  0  1  0  2  0/0    10:43   0:00   0:00 
Brad Boyes               0  0  0   1  9   1  2  0  0  1  1/1    21:55   2:06   0:23 
Danny Richmond           0  1  1   1  0   1  2  2  0  1  0/0    22:10   1:53   1:57 
Georges Laraque          0  0  0  -1  0   4  1  0  0  0  0/0    12:39   0:09   1:39 
Joe Thornton             1  1  2   1  0   5  1  0  0  0  19/35  24:27   2:06   1:31 
Josef Vasicek            0  0  0  -1  0   2  2  1  0  0  6/10   17:11   1:43   0:00 
Kent Huskins             0  0  0   0  0   0  0  1  0  0  0/0     5:04   0:00   0:00 
Kris Vernarsky           0  0  0  -2  0   7  2  2  1  0  4/8    18:03   0:09   0:00 
Michael Grabner          0  0  0  -1  5   1  3  0  1  0  0/2    16:20   1:43   0:08 
Oleg Saprykin            0  0  0  -2  0   2  2  1  1  0  1/1    18:09   0:09   1:31 
Paul Mara                0  0  0   0  0   0  0  0  0  0  0/0     5:04   0:00   0:00 
Robyn Regehr             1  0  1   1  0   1  0  1  0  2  0/0    22:10   1:53   1:57 
Ryan Mcdonagh            0  0  0   0  0   0  0  2  0  0  0/0    22:03   2:05   1:21 
Tim Conboy               0  0  0  -1  0   0  0  0  0  1  0/1     6:14   0:00   0:00 

Players Stats for Avalanche

Player Name              G  A  P  +/- PIM S  H  SB GA TA FO     MP     PP MP  PK MP  
------------------------------------------------------------------------------------
Andrew Ladd              0  0  0   0  0   1  0  0  0  0  1/1    11:03   0:00   1:57 
Brian Campbell           0  0  0   1  0   0  3  3  0  2  0/0    20:48   2:25   0:00 
Bryan Little             1  0  1   0  0   2  1  0  1  0  1/1    11:01   1:35   0:47 
Chuck Kobasew            0  0  0   0  0   0  0  2  0  0  0/0     9:38   0:00   0:38 
Corey Perry              2  0  2   3  0   3  3  0  0  0  0/1    19:11   1:43   0:00 
Dave Tanabe              0  1  1  -1  10  1  3  1  0  0  0/0    15:22   0:31   1:41 
Drew Doughty             0  3  3   2  0   2  2  2  3  0  0/0    23:51   2:35   0:00 
Dustin Byfuglien         0  2  2  -1  2   1  0  2  0  0  1/3    18:57   0:03   1:12 
Jack Johnson             0  0  0   1  0   2  0  2  1  0  0/0    20:44   1:05   2:17 
Jason Allison            1  1  2   3  2   3  4  0  0  1  12/22  19:55   1:40   0:48 
Marc Staal               0  1  1   2  0   2  5  2  0  0  0/0    21:07   0:00   2:17 
Max Pacioretty           0  0  0   0  0   0  0  0  0  0  0/0    10:32   1:35   0:24 
Maxim Talbot             0  0  0   0  0   0  0  0  0  0  2/2     9:00   0:00   0:00 
Michael Rupp             1  1  2  -1  0   6  3  3  3  0  0/5    19:47   0:00   2:10 
Mike Comrie              0  2  2  -1  0   1  1  1  0  0  14/29  19:01   1:35   0:00 
Rostislav Olesz          0  0  0   0  0   1  1  1  0  1  0/0     8:44   0:00   0:00 
Ryan Smyth               1  1  2   3  0   8  2  0  0  0  0/0    19:11   1:43   0:00 
Shane O'Brien            0  0  0  -1  0   1  2  2  2  0  0/0    18:06   0:00   1:41 

3 Stars

1 - Corey Perry (Col)
2 - Ryan Smyth (Col)
3 - Drew Doughty (Col)

Power Play

Predators - 0 on 2 Attempt(s) - 0,00%
Avalanche - 2 on 3 Attempt(s) - 66,67%

Penalty Kill

Predators - 1 on 3 Attempt(s) - 33,33% - Score 0 goal in Penalty Kill
Avalanche - 2 on 2 Attempt(s) - 100,00% - Score 0 goal in Penalty Kill

Official

Referees : Devorski Paul and Lee Chris
Linesman : Steve Miller and Andy McElman

Game Notes

Michael Grabner beats up Dave Tanabe at 4:01 of 2nd period
Steve Mason enters game at 7:01 of 2nd period
Dave Tanabe beats up Brad Boyes at 13:49 of 3rd period

Finance

Level 1 -- Attendance: 6000 (100,00%) -- Ticket Income 504 000 $
Level 2 -- Attendance: 5000 (100,00%) -- Ticket Income 250 000 $
Level 3 -- Attendance: 2000 (100,00%) -- Ticket Income 56 000 $
Level 4 -- Attendance: 4000 (100,00%) -- Ticket Income 72 000 $
Luxury Box -- Attendance: 933 (93,30%) -- Ticket Income 155 811 $
Game was played at the Pepsi Center
Total Attendance: 17933 (99,63%)
Total Ticket Income: 1 037 811 $
Other Income: 155 672 $
Total Income: 1 193 483 $

Predators

5 vs 5 Forward 
   Center                   Left Wing                Right Wing               Time % Phy DF OF 
 1 Joe Thornton             Alexander Ovechkin       Brad Boyes               40     1   2  2  
 2 Josef Vasicek            Alexander Steen          Michael Grabner          30     1   2  2  
 3 Kris Vernarsky           Oleg Saprykin            Georges Laraque          20     1   2  2  
 4 Kris Vernarsky           Oleg Saprykin            Tim Conboy               10     1   2  2  

5 vs 5 Defense 
   Defense                  Defense                                           Time % Phy DF OF 
 1 Ryan Mcdonagh            Alexander Edler                                   35     1   2  2  
 2 Danny Richmond           Robyn Regehr                                      35     1   2  2  
 3 Barret Jackman           Andrew Ference                                    20     1   2  2  
 4 Kent Huskins             Paul Mara                                         10     1   2  2  

PowerPlay Forward 
   Center                   Left Wing                Right Wing               Time % Phy DF OF 
 1 Joe Thornton             Alexander Ovechkin       Brad Boyes               60     1   2  2  
 2 Josef Vasicek            Alexander Steen          Michael Grabner          40     1   2  2  

PowerPlay Defense
   Defense                  Defense                                           Time % Phy DF OF 
 1 Ryan Mcdonagh            Alexander Edler                                   50     1   2  2  
 2 Danny Richmond           Robyn Regehr                                      50     1   2  2  

Penalty Kill 4 Players Forward 
   Center                   Wing                     Time % Phy DF OF 
 1 Alexander Ovechkin       Georges Laraque          50     1   2  2  
 2 Joe Thornton             Oleg Saprykin            50     1   2  2  

Penalty Kill 4 Players Defense
   Defense                  Defense                  Time % Phy DF OF 
 1 Ryan Mcdonagh            Alexander Edler          50     1   2  2  
 2 Danny Richmond           Robyn Regehr             50     1   2  2  

Penalty Kill - 3 Players Forward 
   Forward                                           Time % Phy DF OF 
 1 Alexander Ovechkin                                50     1   2  2  
 2 Joe Thornton                                      50     1   2  2  

Penalty Kill - 3 Players Defense
   Defense                  Defense                  Time % Phy DF OF 
 1 Ryan Mcdonagh            Alexander Edler          50     1   2  2  
 2 Danny Richmond           Robyn Regehr             50     1   2  2  

4 vs 4 Forward 
   Center                   Wing                     Time % Phy DF OF 
 1 Alexander Ovechkin       Brad Boyes               50     1   2  2  
 2 Joe Thornton             Alexander Steen          50     1   2  2  

4 vs 4 Defense
   Defense                  Defense                  Time % Phy DF OF 
 1 Ryan Mcdonagh            Alexander Edler          50     1   2  2  
 2 Danny Richmond           Robyn Regehr             50     1   2  2  

Last Minutes Offensive
   Center                   Left Wing                Right Wing               Defense                  Defense                  
   Joe Thornton             Alexander Ovechkin       Brad Boyes               Danny Richmond           Alexander Edler          

Last Minutes Defensive
   Center                   Left Wing                Right Wing               Defense                  Defense                  
   Joe Thornton             Alexander Ovechkin       Georges Laraque          Ryan Mcdonagh            Alexander Edler          

Goaltenders
Starting : Kari Lehtonen            
Backup : Steve Mason              

Extra Forwards
Normal : Kris Vernarsky, Oleg Saprykin, Michael Grabner - PP : Kris Vernarsky, Oleg Saprykin - PK : Michael Grabner
Extra Defensemen
Normal : Barret Jackman, Kent Huskins, Paul Mara - PP : Barret Jackman - PK : Kent Huskins, Paul Mara
Penalty Shots
Alexander Ovechkin, Joe Thornton, Michael Grabner, Alexander Steen, Brad Boyes

Avalanche

5 vs 5 Forward 
   Center                   Left Wing                Right Wing               Time % Phy DF OF 
 1 Jason Allison            Ryan Smyth               Corey Perry              35     1   2  2  
 2 Mike Comrie              Michael Rupp             Dustin Byfuglien         35     1   2  2  
 3 Maxim Talbot             Andrew Ladd              Chuck Kobasew            15     1   2  2  
 4 Bryan Little             Max Pacioretty           Rostislav Olesz          15     1   2  2  

5 vs 5 Defense 
   Defense                  Defense                                           Time % Phy DF OF 
 1 Jack Johnson             Brian Campbell                                    35     1   2  2  
 2 Marc Staal               Drew Doughty                                      35     1   2  2  
 3 Dave Tanabe              Shane O'Brien                                     30     1   2  2  
 4 Jack Johnson             Brian Campbell                                    0      1   2  2  

PowerPlay Forward 
   Center                   Left Wing                Right Wing               Time % Phy DF OF 
 1 Jason Allison            Ryan Smyth               Corey Perry              60     1   2  2  
 2 Mike Comrie              Max Pacioretty           Bryan Little             40     1   2  2  

PowerPlay Defense
   Defense                  Defense                                           Time % Phy DF OF 
 1 Drew Doughty             Dave Tanabe                                       60     1   2  2  
 2 Brian Campbell           Jack Johnson                                      40     1   2  2  

Penalty Kill 4 Players Forward 
   Center                   Wing                     Time % Phy DF OF 
 1 Dustin Byfuglien         Michael Rupp             60     1   2  2  
 2 Andrew Ladd              Chuck Kobasew            40     1   2  2  

Penalty Kill 4 Players Defense
   Defense                  Defense                  Time % Phy DF OF 
 1 Jack Johnson             Marc Staal               60     1   2  2  
 2 Dave Tanabe              Shane O'Brien            40     1   2  2  

Penalty Kill - 3 Players Forward 
   Forward                                           Time % Phy DF OF 
 1 Chuck Kobasew                                     60     1   2  2  
 2 Dustin Byfuglien                                  40     1   2  2  

Penalty Kill - 3 Players Defense
   Defense                  Defense                  Time % Phy DF OF 
 1 Jack Johnson             Marc Staal               60     1   2  2  
 2 Dave Tanabe              Shane O'Brien            40     1   2  2  

4 vs 4 Forward 
   Center                   Wing                     Time % Phy DF OF 
 1 Corey Perry              Jason Allison            60     1   2  2  
 2 Ryan Smyth               Dustin Byfuglien         40     1   2  2  

4 vs 4 Defense
   Defense                  Defense                  Time % Phy DF OF 
 1 Jack Johnson             Marc Staal               60     1   2  2  
 2 Dave Tanabe              Drew Doughty             40     1   2  2  

Last Minutes Offensive
   Center                   Left Wing                Right Wing               Defense                  Defense                  
   Jason Allison            Ryan Smyth               Corey Perry              Drew Doughty             Dave Tanabe              

Last Minutes Defensive
   Center                   Left Wing                Right Wing               Defense                  Defense                  
   Mike Comrie              Michael Rupp             Chuck Kobasew            Jack Johnson             Marc Staal               

Goaltenders
Starting : Marty Turco              
Backup : Jimmy Howard             

Extra Forwards
Normal : Dustin Byfuglien, Rostislav Olesz, Andrew Ladd - PP : Dustin Byfuglien, Rostislav Olesz - PK : Andrew Ladd
Extra Defensemen
Normal : Dave Tanabe, Shane O'Brien, Drew Doughty - PP : Dave Tanabe - PK : Shane O'Brien, Drew Doughty
Penalty Shots
Corey Perry, Ryan Smyth, Bryan Little, Max Pacioretty, Dave Tanabe

% Time on Ice - Predators

Lines # - Real PCT - Wanted PCT - Time Play
Normal Forward
1 - 39% - 40% - 20:40
2 - 29% - 30% - 15:28
3 - 20% - 20% - 10:32
4 - 12% - 10% - 6:04
Normal Defense
1 - 35% - 35% - 18:37
2 - 35% - 35% - 18:20
3 - 20% - 20% - 10:43
4 - 10% - 10% - 5:04
PP Forward
1 - 57% - 60% - 2:15
2 - 43% - 40% - 1:43
PP Defense
1 - 53% - 50% - 2:05
2 - 47% - 50% - 1:53
PK Forward
1 - 54% - 50% - 1:47
2 - 46% - 50% - 1:31
PK Defense
1 - 41% - 50% - 1:21
2 - 59% - 50% - 1:57
PK3 Forward
1 - 0% - 50%
2 - 0% - 50%
PK3 Defense
1 - 0% - 50%
2 - 0% - 50%
44 Forward
1 - 0% - 50%
2 - 0% - 50%
44 Defense
1 - 0% - 50%
2 - 0% - 50%
Last Minute Offensive  - 0:00
Last Minute Defensive  - 0:00
Total
Forward - 60:00
Defense - 60:00

% Time on Ice - Avalanche

Lines # - Real PCT - Wanted PCT - Time Play
Normal Forward
1 - 33% - 35% - 17:34
2 - 33% - 35% - 17:38
3 - 17% - 15% - 9:00
4 - 16% - 15% - 8:32
Normal Defense
1 - 34% - 35% - 17:52
2 - 35% - 35% - 18:26
3 - 31% - 30% - 16:26
4 - 0% - 0% - 0:00
PP Forward
1 - 52% - 60% - 1:43
2 - 48% - 40% - 1:35
PP Defense
1 - 100% - 60% - 3:18
2 - 0% - 40% - 0:00
PK Forward
1 - 84% - 60% - 3:20
2 - 16% - 40% - 0:38
PK Defense
1 - 58% - 60% - 2:17
2 - 42% - 40% - 1:41
PK3 Forward
1 - 0% - 60%
2 - 0% - 40%
PK3 Defense
1 - 0% - 60%
2 - 0% - 40%
44 Forward
1 - 0% - 60%
2 - 0% - 40%
44 Defense
1 - 0% - 60%
2 - 0% - 40%
Last Minute Offensive  - 0:00
Last Minute Defensive  - 0:00
Total
Forward - 60:00
Defense - 60:00

Play by Play

1st period


0:01 of 1st period - Jason Allison wins face-off versus Joe Thornton in neutral zone.
0:29 of 1st period - Mike Comrie is hit by Alexander Steen and loses puck.
1:14 of 1st period - Marc Staal is hit by Alexander Ovechkin and loses puck.
1:25 of 1st period - Wrist shot by Alexander Steen.
1:25 of 1st period - Shot Blocked by Marc Staal.
1:33 of 1st period - Wrist shot by Jason Allison.
1:33 of 1st period - Deflect By Corey Perry.
1:33 of 1st period - Shot Misses the Net.
1:33 of 1st period - Puck is out of play.
1:34 of 1st period - Mike Comrie wins face-off versus Tim Conboy in Predators zone.
1:43 of 1st period - Shane O'Brien is hit by Andrew Ference and loses puck.
2:05 of 1st period - Joe Thornton is hit by Corey Perry and loses puck.
2:10 of 1st period - Snap shot by Corey Perry.
2:10 of 1st period - Shot Misses the Net.
2:30 of 1st period - Michael Grabner is hit by Dave Tanabe and loses puck.
2:48 of 1st period - Snap shot by Kris Vernarsky.
2:48 of 1st period - Stopped by Marty Turco with a rebound.
2:54 of 1st period - Slapshot by Kris Vernarsky.
2:54 of 1st period - Stopped by Marty Turco without a rebound.
2:55 of 1st period - Joe Thornton wins face-off versus Jason Allison in Avalanche zone.
3:12 of 1st period - Wrist shot by Alexander Ovechkin.
3:12 of 1st period - Shot Misses the Net.
3:22 of 1st period - Paul Mara is hit by Michael Rupp and loses puck.
4:27 of 1st period - Snap shot by Jason Allison.
4:27 of 1st period - Stopped by Kari Lehtonen without a rebound.
4:28 of 1st period - Jason Allison wins face-off versus Kris Vernarsky in Predators zone.
4:49 of 1st period - Minor Penalty to Jason Allison for Hooking.
4:50 of 1st period - Joe Thornton wins face-off versus Michael Rupp in Avalanche zone.
5:07 of 1st period - Wrist shot by Alexander Ovechkin.
5:07 of 1st period - Deflect By Brad Boyes.
5:07 of 1st period - Shot Blocked by Dustin Byfuglien.
5:07 of 1st period - Puck is out of play.
5:08 of 1st period - Josef Vasicek wins face-off versus Michael Rupp in Avalanche zone.
5:09 of 1st period - Snap shot by Michael Grabner.
5:09 of 1st period - Stopped by Marty Turco without a rebound.
5:10 of 1st period - Dustin Byfuglien wins face-off versus Alexander Steen in Avalanche zone.
6:00 of 1st period - Marc Staal is hit by Michael Grabner and loses puck.
6:49 of 1st period - Penalty to Jason Allison is over, Jason Allison is back on ice.
8:34 of 1st period - Oleg Saprykin is hit by Brian Campbell and loses puck.
8:49 of 1st period - Alexander Steen is hit by Brian Campbell and loses puck.
9:02 of 1st period - Wrist shot by Bryan Little.
9:02 of 1st period - Shot Misses the Net.
9:08 of 1st period - Drew Doughty is hit by Josef Vasicek.
9:12 of 1st period - Alexander Edler is hit by Rostislav Olesz and loses puck.
9:29 of 1st period - Snap shot by Josef Vasicek.
9:29 of 1st period - Stopped by Marty Turco with a rebound.
9:31 of 1st period - Snap shot by Josef Vasicek.
9:31 of 1st period - Deflect By Drew Doughty.
9:31 of 1st period - Shot Blocked by Chuck Kobasew.
9:31 of 1st period - Puck is out of play.
9:32 of 1st period - Joe Thornton wins face-off versus Mike Comrie in Avalanche zone.
9:59 of 1st period - Dave Tanabe is hit by Oleg Saprykin and loses puck.
10:08 of 1st period - Slapshot by Kris Vernarsky.
10:08 of 1st period - Stopped by Marty Turco with a rebound.
10:20 of 1st period - Wrist shot by Corey Perry.
10:20 of 1st period - Stopped by Kari Lehtonen with a rebound.
10:51 of 1st period - Off-side.
10:52 of 1st period - Kris Vernarsky wins face-off versus Dustin Byfuglien in neutral zone.
12:03 of 1st period - Wrist shot by Corey Perry.
12:03 of 1st period - Shot Blocked by Josef Vasicek.
12:48 of 1st period - Wrist shot by Mike Comrie.
12:48 of 1st period - Stopped by Kari Lehtonen with a rebound.
12:50 of 1st period - Snap shot by Michael Rupp.
12:50 of 1st period - Goal by Michael Rupp - Predators : 0 - Avalanche : 1.
12:51 of 1st period - Joe Thornton wins face-off versus Michael Rupp in neutral zone.
13:24 of 1st period - Wrist shot by Alexander Steen.
13:24 of 1st period - Shot Misses the Net.
13:26 of 1st period - Slapshot by Danny Richmond.
13:26 of 1st period - Shot Blocked by Brian Campbell.
13:28 of 1st period - Wrist shot by Michael Grabner.
13:28 of 1st period - Deflect By Alexander Steen.
13:28 of 1st period - Stopped by Marty Turco without a rebound.
13:29 of 1st period - Jason Allison wins face-off versus Kris Vernarsky in Avalanche zone.
13:40 of 1st period - Snap shot by Ryan Smyth.
13:40 of 1st period - Goal by Ryan Smyth - Predators : 0 - Avalanche : 2.
13:41 of 1st period - Joe Thornton wins face-off versus Mike Comrie in neutral zone.
13:46 of 1st period - Wrist shot by Alexander Ovechkin.
13:46 of 1st period - Shot Misses the Net.
13:55 of 1st period - Minor Penalty to Brad Boyes for Hooking.
13:56 of 1st period - Jason Allison wins face-off versus Alexander Ovechkin in Predators zone.
13:59 of 1st period - Wrist shot by Corey Perry.
13:59 of 1st period - Shot Misses the Net.
14:01 of 1st period - Slapshot by Dave Tanabe.
14:01 of 1st period - Deflect By Ryan Smyth.
14:01 of 1st period - Stopped by Kari Lehtonen with a rebound.
14:03 of 1st period - Slapshot by Drew Doughty.
14:03 of 1st period - Shot Misses the Net.
14:05 of 1st period - Slapshot by Dave Tanabe.
14:05 of 1st period - Deflect By Jason Allison.
14:05 of 1st period - Goal by Jason Allison - Predators : 0 - Avalanche : 3.
14:06 of 1st period - Joe Thornton wins face-off versus Mike Comrie in neutral zone.
14:19 of 1st period - Robyn Regehr is hit by Marc Staal and loses puck.
14:34 of 1st period - Slapshot by Alexander Ovechkin.
14:34 of 1st period - Stopped by Marty Turco with a rebound.
14:58 of 1st period - Snap shot by Kris Vernarsky.
14:58 of 1st period - Shot Blocked by Jack Johnson.
15:28 of 1st period - Bryan Little is hit by Brad Boyes and loses puck.
16:02 of 1st period - Slapshot by Jason Allison.
16:02 of 1st period - Deflect By Alexander Edler.
16:02 of 1st period - Shot Blocked by Oleg Saprykin.
16:02 of 1st period - Puck is out of play.
16:03 of 1st period - Oleg Saprykin wins face-off versus Jason Allison in Predators zone.
16:03 of 1st period - Oleg Saprykin is hit by Shane O'Brien.
16:32 of 1st period - Slapshot by Ryan Smyth.
16:32 of 1st period - Shot Blocked by Kris Vernarsky.
16:44 of 1st period - Snap shot by Kris Vernarsky.
16:44 of 1st period - Stopped by Marty Turco with a rebound.
16:46 of 1st period - Slapshot by Oleg Saprykin.
16:46 of 1st period - Stopped by Marty Turco with a rebound.
16:48 of 1st period - Slapshot by Andrew Ference.
16:48 of 1st period - Stopped by Marty Turco without a rebound.
16:49 of 1st period - Joe Thornton wins face-off versus Mike Comrie in Avalanche zone.
16:50 of 1st period - Wrist shot by Alexander Ovechkin.
16:50 of 1st period - Shot Misses the Net.
17:19 of 1st period - Snap shot by Brian Campbell.
17:19 of 1st period - Shot Misses the Net.
17:21 of 1st period - Snap shot by Jack Johnson.
17:21 of 1st period - Shot Misses the Net.
17:23 of 1st period - Snap shot by Maxim Talbot.
17:23 of 1st period - Shot Misses the Net.
17:47 of 1st period - Snap shot by Joe Thornton.
17:47 of 1st period - Stopped by Marty Turco without a rebound.
17:48 of 1st period - Joe Thornton wins face-off versus Dustin Byfuglien in Avalanche zone.
17:54 of 1st period - Minor Penalty to Dustin Byfuglien for Hooking.
17:55 of 1st period - Andrew Ladd wins face-off versus Joe Thornton in Avalanche zone.
18:27 of 1st period - Jack Johnson is hit by Josef Vasicek and loses puck.
19:48 of 1st period - Andrew Ladd is hit by Oleg Saprykin and loses puck.
19:54 of 1st period - Penalty to Dustin Byfuglien is over, Dustin Byfuglien is back on ice.
19:55 of 1st period - Snap shot by Kris Vernarsky.
19:55 of 1st period - Shot Misses the Net.
19:57 of 1st period - Slapshot by Andrew Ference.
19:57 of 1st period - Shot Misses the Net.
19:59 of 1st period - Slapshot by Georges Laraque.
19:59 of 1st period - Shot Hit the Post.
Goals for this period are 0 for Predators vs 3 for Avalanche.
Shots for this period are 11 for Predators vs 7 for Avalanche.

2nd period


0:01 of 2nd period - Joe Thornton wins face-off versus Mike Comrie in neutral zone.
0:03 of 2nd period - Danny Richmond is hit by Marc Staal and loses puck.
0:10 of 2nd period - Backhand shot by Drew Doughty.
0:10 of 2nd period - Shot Blocked by Robyn Regehr.
0:12 of 2nd period - Wrist shot by Dustin Byfuglien.
0:12 of 2nd period - Shot Misses the Net.
0:14 of 2nd period - Slapshot by Marc Staal.
0:14 of 2nd period - Stopped by Kari Lehtonen with a rebound.
0:16 of 2nd period - Wrist shot by Michael Rupp.
0:16 of 2nd period - Shot Misses the Net.
0:26 of 2nd period - Jason Allison is hit by Michael Grabner and loses puck.
0:58 of 2nd period - Off-side.
0:59 of 2nd period - Joe Thornton wins face-off versus Mike Comrie in neutral zone.
1:02 of 2nd period - Slapshot by Danny Richmond.
1:02 of 2nd period - Stopped by Marty Turco with a rebound.
1:04 of 2nd period - Wrist shot by Joe Thornton.
1:04 of 2nd period - Shot Blocked by Mike Comrie.
1:06 of 2nd period - Slapshot by Robyn Regehr.
1:06 of 2nd period - Shot Blocked by Jack Johnson.
1:08 of 2nd period - Snap shot by Brad Boyes.
1:08 of 2nd period - Shot Blocked by Michael Rupp.
1:10 of 2nd period - Wrist shot by Brad Boyes.
1:10 of 2nd period - Stopped by Marty Turco without a rebound.
1:11 of 2nd period - Joe Thornton wins face-off versus Mike Comrie in Avalanche zone.
1:16 of 2nd period - Wrist shot by Alexander Ovechkin.
1:16 of 2nd period - Deflect By Joe Thornton.
1:16 of 2nd period - Stopped by Marty Turco with a rebound.
1:18 of 2nd period - Snap shot by Joe Thornton.
1:18 of 2nd period - Stopped by Marty Turco with a rebound.
1:20 of 2nd period - Slapshot by Danny Richmond.
1:20 of 2nd period - Shot Blocked by Dave Tanabe.
1:22 of 2nd period - Slapshot by Robyn Regehr.
1:22 of 2nd period - Goal by Robyn Regehr - Predators : 1 - Avalanche : 3.
1:23 of 2nd period - Mike Comrie wins face-off versus Joe Thornton in neutral zone.
1:48 of 2nd period - Corey Perry is hit by Michael Grabner and loses puck.
2:15 of 2nd period - Off-side.
2:16 of 2nd period - Mike Comrie wins face-off versus Joe Thornton in neutral zone.
2:25 of 2nd period - Snap shot by Mike Comrie.
2:25 of 2nd period - Shot Misses the Net.
2:27 of 2nd period - Slapshot by Jack Johnson.
2:27 of 2nd period - Shot Hit the Post.
2:29 of 2nd period - Slapshot by Dustin Byfuglien.
2:29 of 2nd period - Shot Misses the Net.
2:31 of 2nd period - Snap shot by Mike Comrie.
2:31 of 2nd period - Shot Misses the Net.
2:41 of 2nd period - Danny Richmond is hit by Ryan Smyth and loses puck.
3:00 of 2nd period - Shane O'Brien is hit by Danny Richmond and loses puck.
3:07 of 2nd period - Josef Vasicek is hit by Dave Tanabe and loses puck.
3:22 of 2nd period - Wrist shot by Joe Thornton.
3:22 of 2nd period - Stopped by Marty Turco without a rebound.
3:23 of 2nd period - Bryan Little wins face-off versus Joe Thornton in Avalanche zone.
3:56 of 2nd period - Slapshot by Brian Campbell.
3:56 of 2nd period - Shot Blocked by Kris Vernarsky.
3:58 of 2nd period - Slapshot by Bryan Little.
3:58 of 2nd period - Stopped by Kari Lehtonen without a rebound.
3:59 of 2nd period - Josef Vasicek wins face-off versus Mike Comrie in Predators zone.
4:01 of 2nd period - Michael Grabner beats up Dave Tanabe.
4:01 of 2nd period - Penalty to Dave Tanabe for Fighting.
4:01 of 2nd period - Penalty to Michael Grabner for Fighting.
4:02 of 2nd period - Joe Thornton wins face-off versus Mike Comrie in neutral zone.
4:11 of 2nd period - Snap shot by Alexander Ovechkin.
4:11 of 2nd period - Shot Blocked by Michael Rupp.
4:13 of 2nd period - Slapshot by Joe Thornton.
4:13 of 2nd period - Goal by Joe Thornton - Predators : 2 - Avalanche : 3.
4:14 of 2nd period - Joe Thornton wins face-off versus Jason Allison in neutral zone.
4:39 of 2nd period - Kris Vernarsky is hit by Michael Rupp and loses puck.
5:00 of 2nd period - Snap shot by Andrew Ladd.
5:00 of 2nd period - Stopped by Kari Lehtonen with a rebound.
5:37 of 2nd period - Danny Richmond is hit by Jason Allison.
5:52 of 2nd period - Minor Penalty to Brad Boyes for Tripping.
5:53 of 2nd period - Jason Allison wins face-off versus Joe Thornton in Predators zone.
5:55 of 2nd period - Wrist shot by Ryan Smyth.
5:55 of 2nd period - Stopped by Kari Lehtonen with a rebound.
5:57 of 2nd period - Slapshot by Brian Campbell.
5:57 of 2nd period - Shot Misses the Net.
5:59 of 2nd period - Wrist shot by Corey Perry.
5:59 of 2nd period - Shot Misses the Net.
6:01 of 2nd period - Slapshot by Drew Doughty.
6:01 of 2nd period - Shot Misses the Net.
6:03 of 2nd period - Slapshot by Drew Doughty.
6:03 of 2nd period - Stopped by Kari Lehtonen without a rebound.
6:04 of 2nd period - Alexander Ovechkin wins face-off versus Jason Allison in Predators zone.
7:01 of 2nd period - Wrist shot by Bryan Little.
7:01 of 2nd period - Goal by Bryan Little - Predators : 2 - Avalanche : 4.
7:01 of 2nd period - Steve Mason enters game.
7:02 of 2nd period - Joe Thornton wins face-off versus Jason Allison in neutral zone.
7:02 of 2nd period - Alexander Ovechkin is hit by Shane O'Brien and loses puck.
7:09 of 2nd period - Slapshot by Drew Doughty.
7:09 of 2nd period - Deflect By Corey Perry.
7:09 of 2nd period - Shot Misses the Net.
7:09 of 2nd period - Puck is out of play.
7:10 of 2nd period - Joe Thornton wins face-off versus Jason Allison in Predators zone.
7:10 of 2nd period - Joe Thornton is hit by Jason Allison.
7:59 of 2nd period - Slapshot by Drew Doughty.
7:59 of 2nd period - Shot Blocked by Danny Richmond.
8:01 of 2nd period - Slapshot by Shane O'Brien.
8:01 of 2nd period - Stopped by Steve Mason without a rebound.
8:02 of 2nd period - Mike Comrie wins face-off versus Alexander Steen in Predators zone.
8:11 of 2nd period - Wrist shot by Mike Comrie.
8:11 of 2nd period - Shot Misses the Net.
8:15 of 2nd period - Snap shot by Jack Johnson.
8:15 of 2nd period - Stopped by Steve Mason without a rebound.
8:16 of 2nd period - Josef Vasicek wins face-off versus Mike Comrie in Predators zone.
8:28 of 2nd period - Wrist shot by Michael Rupp.
8:28 of 2nd period - Stopped by Steve Mason with a rebound.
8:48 of 2nd period - Snap shot by Kris Vernarsky.
8:48 of 2nd period - Shot Blocked by Rostislav Olesz.
8:50 of 2nd period - Slapshot by Kris Vernarsky.
8:50 of 2nd period - Stopped by Marty Turco without a rebound.
8:51 of 2nd period - Jason Allison wins face-off versus Joe Thornton in Avalanche zone.
8:56 of 2nd period - Snap shot by Jason Allison.
8:56 of 2nd period - Shot Misses the Net.
9:03 of 2nd period - Off-side.
9:04 of 2nd period - Mike Comrie wins face-off versus Joe Thornton in neutral zone.
9:09 of 2nd period - Snap shot by Michael Rupp.
9:09 of 2nd period - Stopped by Steve Mason without a rebound.
9:10 of 2nd period - Brad Boyes wins face-off versus Michael Rupp in Predators zone.
9:10 of 2nd period - Brad Boyes is hit by Marc Staal.
9:42 of 2nd period - Wrist shot by Ryan Smyth.
9:42 of 2nd period - Stopped by Steve Mason without a rebound.
9:43 of 2nd period - Jason Allison wins face-off versus Kris Vernarsky in Predators zone.
9:44 of 2nd period - Snap shot by Ryan Smyth.
9:44 of 2nd period - Shot Misses the Net.
9:46 of 2nd period - Slapshot by Ryan Smyth.
9:46 of 2nd period - Shot Misses the Net.
9:48 of 2nd period - Slapshot by Ryan Smyth.
9:48 of 2nd period - Stopped by Steve Mason without a rebound.
9:49 of 2nd period - Kris Vernarsky wins face-off versus Mike Comrie in Predators zone.
10:00 of 2nd period - Slapshot by Dustin Byfuglien.
10:00 of 2nd period - Shot Blocked by Ryan Mcdonagh.
10:24 of 2nd period - Snap shot by Alexander Ovechkin.
10:24 of 2nd period - Stopped by Marty Turco without a rebound.
10:25 of 2nd period - Jason Allison wins face-off versus Alexander Ovechkin in Avalanche zone.
10:35 of 2nd period - Icing by Marc Staal.
10:36 of 2nd period - Jason Allison wins face-off versus Joe Thornton in Avalanche zone.
11:29 of 2nd period - Wrist shot by Georges Laraque.
11:29 of 2nd period - Stopped by Marty Turco with a rebound.
11:33 of 2nd period - Snap shot by Kris Vernarsky.
11:33 of 2nd period - Stopped by Marty Turco without a rebound.
11:34 of 2nd period - Mike Comrie wins face-off versus Joe Thornton in Avalanche zone.
11:36 of 2nd period - Icing by Jack Johnson.
11:37 of 2nd period - Mike Comrie wins face-off versus Joe Thornton in Avalanche zone.
11:37 of 2nd period - Mike Comrie is hit by Andrew Ference.
11:45 of 2nd period - Snap shot by Alexander Ovechkin.
11:45 of 2nd period - Shot Blocked by Brian Campbell.
11:47 of 2nd period - Snap shot by Brad Boyes.
11:47 of 2nd period - Shot Blocked by Dustin Byfuglien.
12:05 of 2nd period - Backhand shot by Corey Perry.
12:05 of 2nd period - Shot Misses the Net.
12:07 of 2nd period - Slapshot by Corey Perry.
12:07 of 2nd period - Shot Blocked by Barret Jackman.
12:09 of 2nd period - Wrist shot by Corey Perry.
12:09 of 2nd period - Goal by Corey Perry - Predators : 2 - Avalanche : 5.
12:10 of 2nd period - Mike Comrie wins face-off versus Joe Thornton in neutral zone.
12:37 of 2nd period - Dave Tanabe is hit by Kris Vernarsky and loses puck.
13:00 of 2nd period - Snap shot by Dustin Byfuglien.
13:00 of 2nd period - Deflect By Michael Rupp.
13:00 of 2nd period - Stopped by Steve Mason with a rebound.
13:03 of 2nd period - Icing by Kris Vernarsky.
13:04 of 2nd period - Jason Allison wins face-off versus Kris Vernarsky in Predators zone.
13:13 of 2nd period - Wrist shot by Oleg Saprykin.
13:13 of 2nd period - Shot Misses the Net.
13:40 of 2nd period - Snap shot by Kris Vernarsky.
13:40 of 2nd period - Stopped by Marty Turco with a rebound.
14:37 of 2nd period - Snap shot by Bryan Little.
14:37 of 2nd period - Shot Blocked by Kent Huskins.
14:39 of 2nd period - Slapshot by Jack Johnson.
14:39 of 2nd period - Stopped by Steve Mason without a rebound.
14:40 of 2nd period - Mike Comrie wins face-off versus Josef Vasicek in Predators zone.
14:41 of 2nd period - Snap shot by Michael Rupp.
14:41 of 2nd period - Shot Misses the Net.
14:43 of 2nd period - Wrist shot by Mike Comrie.
14:43 of 2nd period - Shot Blocked by Ryan Mcdonagh.
14:45 of 2nd period - Wrist shot by Michael Rupp.
14:45 of 2nd period - Stopped by Steve Mason without a rebound.
14:46 of 2nd period - Mike Comrie wins face-off versus Josef Vasicek in Predators zone.
15:21 of 2nd period - Ryan Mcdonagh is hit by Dave Tanabe and loses puck.
16:46 of 2nd period - Icing by Alexander Steen.
16:47 of 2nd period - Maxim Talbot wins face-off versus Michael Grabner in Predators zone.
16:54 of 2nd period - Wrist shot by Michael Rupp.
16:54 of 2nd period - Stopped by Steve Mason with a rebound.
17:06 of 2nd period - Dave Tanabe is hit by Kris Vernarsky.
17:07 of 2nd period - Icing by Dave Tanabe.
17:08 of 2nd period - Kris Vernarsky wins face-off versus Mike Comrie in Avalanche zone.
17:21 of 2nd period - Snap shot by Oleg Saprykin.
17:21 of 2nd period - Stopped by Marty Turco without a rebound.
17:22 of 2nd period - Joe Thornton wins face-off versus Jason Allison in Avalanche zone.
17:35 of 2nd period - Snap shot by Ryan Smyth.
17:35 of 2nd period - Stopped by Steve Mason with a rebound.
17:41 of 2nd period - Jason Allison is hit by Joe Thornton and loses puck.
18:00 of 2nd period - Wrist shot by Alexander Steen.
18:00 of 2nd period - Stopped by Marty Turco with a rebound.
18:02 of 2nd period - Wrist shot by Alexander Steen.
18:02 of 2nd period - Stopped by Marty Turco with a rebound.
18:39 of 2nd period - Off-side.
18:40 of 2nd period - Jason Allison wins face-off versus Joe Thornton in neutral zone.
18:57 of 2nd period - Brad Boyes is hit by Marc Staal and loses puck.
19:06 of 2nd period - Jason Allison is hit by Alexander Edler and loses puck.
19:15 of 2nd period - Ryan Mcdonagh is hit by Ryan Smyth and loses puck.
Goals for this period are 2 for Predators vs 2 for Avalanche.
Shots for this period are 15 for Predators vs 18 for Avalanche.

3rd period


0:01 of 3rd period - Mike Comrie wins face-off versus Michael Grabner in neutral zone.
0:31 of 3rd period - Snap shot by Joe Thornton.
0:31 of 3rd period - Shot Misses the Net.
0:33 of 3rd period - Wrist shot by Joe Thornton.
0:33 of 3rd period - Deflect By Alexander Ovechkin.
0:33 of 3rd period - Stopped by Marty Turco without a rebound.
0:34 of 3rd period - Maxim Talbot wins face-off versus Joe Thornton in Avalanche zone.
1:01 of 3rd period - Dustin Byfuglien is hit by Alexander Steen.
1:09 of 3rd period - Wrist shot by Josef Vasicek.
1:09 of 3rd period - Stopped by Marty Turco with a rebound.
1:11 of 3rd period - Slapshot by Kent Huskins.
1:11 of 3rd period - Shot Blocked by Shane O'Brien.
2:26 of 3rd period - Slapshot by Alexander Ovechkin.
2:26 of 3rd period - Shot Blocked by Michael Rupp.
2:48 of 3rd period - Snap shot by Kris Vernarsky.
2:48 of 3rd period - Deflect By Georges Laraque.
2:48 of 3rd period - Stopped by Marty Turco without a rebound.
2:49 of 3rd period - Kris Vernarsky wins face-off versus Jason Allison in Avalanche zone.
2:54 of 3rd period - Backhand shot by Oleg Saprykin.
2:54 of 3rd period - Shot Misses the Net.
3:00 of 3rd period - Snap shot by Ryan Smyth.
3:00 of 3rd period - Stopped by Steve Mason with a rebound.
3:18 of 3rd period - Snap shot by Kris Vernarsky.
3:18 of 3rd period - Shot Blocked by Drew Doughty.
3:20 of 3rd period - Slapshot by Georges Laraque.
3:20 of 3rd period - Stopped by Marty Turco with a rebound.
3:22 of 3rd period - Slapshot by Andrew Ference.
3:22 of 3rd period - Shot Blocked by Drew Doughty.
3:24 of 3rd period - Wrist shot by Oleg Saprykin.
3:24 of 3rd period - Shot Misses the Net.
3:26 of 3rd period - Slapshot by Barret Jackman.
3:26 of 3rd period - Shot Blocked by Chuck Kobasew.
3:28 of 3rd period - Snap shot by Andrew Ference.
3:28 of 3rd period - Shot Blocked by Marc Staal.
3:30 of 3rd period - Snap shot by Georges Laraque.
3:30 of 3rd period - Stopped by Marty Turco without a rebound.
3:31 of 3rd period - Josef Vasicek wins face-off versus Michael Rupp in Avalanche zone.
3:56 of 3rd period - Brian Campbell is hit by Danny Richmond and loses puck.
4:11 of 3rd period - Wrist shot by Mike Comrie.
4:11 of 3rd period - Shot Blocked by Danny Richmond.
4:13 of 3rd period - Slapshot by Dustin Byfuglien.
4:13 of 3rd period - Shot Misses the Net.
4:15 of 3rd period - Slapshot by Dave Tanabe.
4:15 of 3rd period - Stopped by Steve Mason without a rebound.
4:16 of 3rd period - Jason Allison wins face-off versus Josef Vasicek in Predators zone.
4:29 of 3rd period - Icing by Corey Perry.
4:30 of 3rd period - Joe Thornton wins face-off versus Jason Allison in Avalanche zone.
4:51 of 3rd period - Wrist shot by Ryan Smyth.
4:51 of 3rd period - Shot Misses the Net.
4:53 of 3rd period - Slapshot by Marc Staal.
4:53 of 3rd period - Shot Blocked by Andrew Ference.
4:55 of 3rd period - Snap shot by Corey Perry.
4:55 of 3rd period - Goal by Corey Perry - Predators : 2 - Avalanche : 6.
4:56 of 3rd period - Josef Vasicek wins face-off versus Mike Comrie in neutral zone.
5:22 of 3rd period - Ryan Mcdonagh is hit by Brian Campbell and loses puck.
5:31 of 3rd period - Snap shot by Alexander Ovechkin.
5:31 of 3rd period - Shot Blocked by Brian Campbell.
6:08 of 3rd period - Snap shot by Alexander Steen.
6:08 of 3rd period - Shot Blocked by Shane O'Brien.
6:38 of 3rd period - Dustin Byfuglien is hit by Georges Laraque and loses puck.
7:03 of 3rd period - Wrist shot by Jason Allison.
7:03 of 3rd period - Stopped by Steve Mason with a rebound.
7:25 of 3rd period - Snap shot by Rostislav Olesz.
7:25 of 3rd period - Stopped by Steve Mason with a rebound.
7:53 of 3rd period - Dave Tanabe is hit by Brad Boyes and loses puck.
8:21 of 3rd period - Robyn Regehr is hit by Drew Doughty and loses puck.
9:36 of 3rd period - Slapshot by Andrew Ladd.
9:36 of 3rd period - Shot Misses the Net.
10:02 of 3rd period - Icing by Michael Grabner.
10:03 of 3rd period - Mike Comrie wins face-off versus Josef Vasicek in Predators zone.
11:26 of 3rd period - Ryan Mcdonagh is hit by Michael Rupp and loses puck.
12:07 of 3rd period - Oleg Saprykin is hit by Bryan Little.
12:39 of 3rd period - Off-side.
12:40 of 3rd period - Mike Comrie wins face-off versus Joe Thornton in neutral zone.
12:45 of 3rd period - Wrist shot by Michael Rupp.
12:45 of 3rd period - Shot Misses the Net.
12:47 of 3rd period - Slapshot by Marc Staal.
12:47 of 3rd period - Shot Misses the Net.
12:49 of 3rd period - Slapshot by Dustin Byfuglien.
12:49 of 3rd period - Stopped by Steve Mason with a rebound.
12:51 of 3rd period - Snap shot by Marc Staal.
12:51 of 3rd period - Deflect By Joe Thornton.
12:51 of 3rd period - Stopped by Steve Mason without a rebound.
12:52 of 3rd period - Josef Vasicek wins face-off versus Mike Comrie in Predators zone.
13:19 of 3rd period - Georges Laraque is hit by Marc Staal and loses puck.
13:42 of 3rd period - Snap shot by Alexander Ovechkin.
13:42 of 3rd period - Deflect By Joe Thornton.
13:42 of 3rd period - Shot Hit the Post.
13:42 of 3rd period - Puck is out of play.
13:43 of 3rd period - Mike Comrie wins face-off versus Joe Thornton in Avalanche zone.
13:49 of 3rd period - Dave Tanabe beats up Brad Boyes.
13:49 of 3rd period - Penalty to Dave Tanabe for Fighting.
13:49 of 3rd period - Penalty to Brad Boyes for Fighting.
13:50 of 3rd period - Joe Thornton wins face-off versus Jason Allison in Predators zone.
13:50 of 3rd period - Joe Thornton is hit by Corey Perry.
15:07 of 3rd period - Ryan Mcdonagh is hit by Jason Allison and loses puck.
15:56 of 3rd period - Rostislav Olesz is hit by Alexander Ovechkin and loses puck.
16:28 of 3rd period - Wrist shot by Ryan Smyth.
16:28 of 3rd period - Stopped by Steve Mason without a rebound.
16:29 of 3rd period - Joe Thornton wins face-off versus Mike Comrie in Predators zone.
16:49 of 3rd period - Kris Vernarsky is hit by Corey Perry and loses puck.
17:20 of 3rd period - Minor Penalty to Andrew Ference for Roughing.
17:21 of 3rd period - Alexander Ovechkin wins face-off versus Corey Perry in Predators zone.
17:30 of 3rd period - Georges Laraque is hit by Jason Allison and loses puck.
17:37 of 3rd period - Slapshot by Drew Doughty.
17:37 of 3rd period - Stopped by Steve Mason with a rebound.
17:51 of 3rd period - Danny Richmond is hit by Mike Comrie and loses puck.
18:14 of 3rd period - Ryan Mcdonagh is hit by Drew Doughty and loses puck.
18:49 of 3rd period - Penalty to Brad Boyes is over, Brad Boyes is back on ice.
19:20 of 3rd period - Penalty to Andrew Ference is over, Andrew Ference is back on ice.
Goals for this period are 0 for Predators vs 1 for Avalanche.
Shots for this period are 5 for Predators vs 9 for Avalanche.


Output by the SimonT Hockey Simulator (STHS) for François Prévost -- Original Page W3C XHTML 1.0 Valid
Hockey Simulator - Hockey Simulation - Hockey Manager